 Dungeon Crawl Stone Soup version 0.20.0-15-g7f486f2 (webtiles) character file.

358 spacegravy the Digger (level 6, 0/32 HPs)
             Began as a Gargoyle Earth Elementalist on June 12, 2017.
             Killed from afar by an orc wizard (5 damage)
             ... with a puff of flame
             ... on level 3 of the Dungeon.
             The game lasted 00:17:55 (4357 turns).

spacegravy the Digger (Gargoyle Earth Elementalist) Turns: 4357, Time: 00:17:55

Health: 0/32       AC:  7    Str: 12    XL:     6   Next: 64%
Magic:  4/12       EV: 12    Int: 17    God:
Gold:   217        SH:  0    Dex: 10    Spells: 4/13 levels left

rFire    . . .     SeeInvis .   g - -3 dagger (curse)
rCold    . . .     Gourm    .   (no shield)
rNeg     + . .     Faith    .   c - +0 robe
rPois    ∞         Spirit   .   (no helmet)
rElec    +         Reflect  .   (no cloak)
rCorr    .         Harm     .   w - +0 pair of gloves
MR       .....                  (no boots)
Stlth    ++........             (no amulet)
Regen    0.1/turn               (no ring)
MPRegen  0.2/turn               (no ring)

@: no status effects
A: negative energy resistance 1, electricity resistance, unbreathing,
petrification resistance, rot immunity, AC +4
a: no special abilities


You were on level 3 of the Dungeon.
You were not hungry.

You visited 1 branch of the dungeon, and saw 4 of its levels.

You collected 217 gold pieces.


Innate Abilities, Weirdness & Mutations

You are resistant to torment.
Your stone body is resilient. (AC +4)
You are immune to poison.
You resist negative energy. (rN+)
You are resistant to electric shocks. (rElec)
You can survive without breathing.
You are immune to petrification.
You are immune to rotting.


   Skills:
 - Level 1.5 Dodging
 - Level 2.1 Stealth
 + Level 4.3 Spellcasting
 + Level 3.3 Conjurations
   Level 0.7 Transmutations
 + Level 5.7 Earth Magic


You had 4 spell levels left.
You knew the following spells:

 Your Spells              Type           Power        Failure   Level  Hunger
x - Stone Arrow           Conj/Erth      ###...       7%          3    ###....
z - Sandblast             Erth           ###...       1%          1    None
X - Lee's Rapid Deconstr  Erth           ###.......   36%         5    ######.

Inventory:

Hand Weapons
 g - a cursed -3 dagger (weapon)
 n - a +1 short sword of freezing
Missiles
 b - 68 stones (quivered)
Armour
 c - a +0 robe (worn)
 w - a +0 pair of gloves (worn)
Jewellery
 q - an uncursed ring of protection from magic {unknown}
Scrolls
 a - a scroll of random uselessness {unknown}
 h - 2 scrolls of teleportation {unknown}
 k - 2 scrolls of noise {unknown}
 p - a scroll of fog {unknown}
 r - a scroll of remove curse {unknown}
 s - a scroll of magic mapping {unknown}
 t - 4 scrolls of identify {unknown}
 u - a scroll of recharging {unknown}
Potions
 i - a potion of lignification {unknown}
 j - a potion of mutation {unknown}
 l - 2 potions of haste {unknown}
 o - a potion of curing {unknown}
 v - a potion of heal wounds {unknown}
 x - a potion of brilliance {unknown}
Books
 e - a book of Geomancy

   Spells                             Type                      Level
   a - Sandblast                      Earth                        1
   b - Passwall                       Transmutation/Earth          2
   c - Stone Arrow                    Conjuration/Earth            3
   d - Petrify                        Transmutation/Earth          4
   e - Lee's Rapid Deconstruction     Earth                        5
Comestibles
 d - 2 bread rations
 f - 6 fruits

Dungeon Overview and Level Annotations

Branches:
Dungeon (4/15)
 Temple: D:4-7

Altars:
Makhleb

Annotations:
D:4 Blork the orc, Dowan, Duvessa

▒.......▒▒▒.▒▒▒▒▒▒▒▒▒▒ ▒.▒.....▒
▒.▒ ▒▒▒▒▒▒▒▒▒▒▒▒.▒.▒▒▒.▒▒▒.▒▒▒▒▒
...............▒ ▒.........▒
▒▒▒▒▒▒▒▒▒▒▒▒.▒▒▒ ▒▒▒▒(▒▒▒▒.▒ ▒▒▒▒
▒▒ ▒.▒ ▒▒▒▒▒▒.▒▒ ▒.▒ ▒...
.▒▒▒▒▒▒▒ ▒.▒ ▒..▒▒...▒▒▒.▒ ▒.▒▒
▒......▒ ▒.▒▒▒..▒.▒.▒.▒▒.▒ ▒.▒▒
.▒▒▒▒▒.▒ ▒.▒>.8..▒▒.▒▒.▒.▒ ▒.▒▒
▒▒ ▒.▒▒▒▒▒.▒.▒...........▒ ▒.▒▒ ▒
▒▒▒.............▒▒.▒▒.▒.▒ ▒.▒▒
▒....▒▒▒▒..........▒..▒.▒ ▒.▒▒
▒.▒...)......▒.▒▒...▒.▒.▒▒▒.▒
▒<...▒▒▒▒▒▒▒▒...▒▒.▒▒.▒.....▒
▒▒▒▒▒...▒▒▒▒▒▒▒.▒▒▒.▒.▒▒.▒▒▒▒▒▒▒▒
...............▒▒ ▒▒..▒..........
▒▒▒▒▒[).▒▒▒▒▒▒.▒ ▒..▒..▒▒▒▒▒▒▒▒


There were no monsters in sight!


Message History

You feel less confused. Something hits you but does no damage.
You climb upwards.
There is a stone staircase leading down here.
You don't know that spell.
Unknown command.
You start resting.
Something hits you.
* * * LOW HITPOINT WARNING * * *
Something burns you.
* * * LOW HITPOINT WARNING * * *
Something hits you but does no damage.
You barely miss something. Something barely misses you.
Aiming: Sandblast The blast of sand hits something.
b - 68 stones Something hits you.
* * * LOW HITPOINT WARNING * * *
Something burns you.
* * * LOW HITPOINT WARNING * * *
Aiming: Stone Arrow The stone arrow hits something.
You hear some strange, mumbled words.
A magic dart appears from out of thin air!
The magic dart hits you!
* * * LOW HITPOINT WARNING * * *
Aiming: Stone Arrow You hear some strange, mumbled words.
A puff of flame appears from out of thin air!
The puff of flame hits you!
You die...

Action                   |  1- 3 |  4- 6 || total
-------------------------+-------+-------++-------
Melee: Unarmed           |    21 |       ||    21
       Dagger            |    87 |   130 ||   217
Throw: Stone             |     2 |       ||     2
 Cast: Sandblast         |    28 |    87 ||   115
       Stone Arrow       |       |     6 ||     6
 Stab: Sleeping          |     3 |     1 ||     4
  Eat: Chunk             |     2 |     5 ||     7
       Meat ration       |       |     1 ||     1
Armor: Robe              |    40 |    79 ||   119
Dodge: Dodged            |   102 |   132 ||   234

Vault maps used:
D:1:      dpeg_arrival_tiny_a
D:3:      grunt_decor_one_mirror
D:4:      serial_shops, nicolae_shop_statue_plus, first_bread, bloody_makhleb,
          uniq_duvessa, uniq_blork_the_orc, uniq_natasha

Notes
Turn   | Place    | Note
-------+----------+-------------------------------------------
     0 | D:1      | spacegravy the Gargoyle Earth Elementalist began the quest for the Orb.
     0 | D:1      | Reached XP level 1. HP: 10/10 MP: 3/3
   348 | D:1      | Reached XP level 2. HP: 15/15 MP: 5/5
   465 | D:1      | Reached skill level 4 in Earth Magic
   944 | D:2      | Reached XP level 3. HP: 16/19 MP: 4/7
  1068 | D:2      | Reached skill level 3 in Spellcasting
  1445 | D:2      | Reached XP level 4. HP: 18/24 MP: 3/8
  1514 | D:2      | Learned a level 3 spell: Stone Arrow
  1860 | D:3      | Reached skill level 1 in Conjurations
  2110 | D:3      | Reached XP level 5. HP: 21/28 MP: 7/10
  2347 | D:3      | Reached skill level 5 in Earth Magic
  2562 | D:3      | Reached skill level 2 in Conjurations
  2596 | D:3      | Learned a level 5 spell: Lee's Rapid Deconstruction
  3047 | D:4      | Noticed Dowan
  3048 | D:4      | Noticed Duvessa
  3518 | D:4      | Reached skill level 4 in Spellcasting
  3518 | D:4      | Reached XP level 6. HP: 32/32 MP: 5/12
  3744 | D:4      | Noticed Natasha
  3745 | D:4      | Noticed Blork the orc
  3824 | D:3      | Reached skill level 3 in Conjurations
  3983 | D:4      | Found a burning altar of Makhleb.
  3994 | D:4      | Killed Natasha
  4357 | D:3      | Killed from afar by an orc wizard

Vanquished Creatures
  A howler monkey (D:4)
  A hound (D:3)
  3 orc wizards
  Natasha (D:4)
  A worker ant (D:4)
  A worker ant zombie (D:3)
  4 adders
  An ooze (D:4)
  2 worms
  3 dart slugs
  2 leopard geckos
  20 orcs
  3 giant cockroaches
  8 goblins
  7 hobgoblins
  A quokka (D:2)
  6 bats
  4 frilled lizards
  5 kobolds
  7 rats
81 creatures vanquished.
